 Dungeon Crawl Stone Soup version 0.28.0-47-ge53b351184 (webtiles) character file.

Game seed: 14826424189546676539

531 hawla the Stinger (level 7, -4/53 HPs)
             Began as a Pale Draconian Venom Mage on Apr 26, 2022.
             Slain by a centaur warrior zombie (7 damage)
             ... on level 5 of the Dungeon.
             The game lasted 00:17:28 (7047 turns).

hawla the Stinger (Pale Draconian Venom Mage)       Turns: 7047, Time: 00:17:29

Health: -4/53      AC:  8    Str: 10    XL:     7   Next: 3%
Magic:  14/14      EV: 12    Int: 17    God:
Gold:   240        SH:  0    Dex: 12    Spells: 8/15 levels left

rFire   . . .      SeeInvis .   a - +4 quarterstaff (chaos)
rCold   . . .      Faith    .   (shield currently unavailable)
rNeg    . . .      Spirit   .   (armour unavailable)
rPois   .          Reflect  .   (helmet restricted)
rElec   .          Harm     .   b - +1 cloak {Stlth+}
rCorr   .          Rampage  .   (no gloves)
Will    .....                   (no boots)
Stlth   +++.......              (no amulet)
HPRegen 0.17/turn               (no ring)
MPRegen 0.14/turn               (no ring)

@: no status effects
A: breathe steam, AC +6, unfitting armour, cold-blooded, steam resistance
a: Breathe Steam


You were on level 5 of the Dungeon.
You visited 1 branch of the dungeon, and saw 5 of its levels.

You collected 240 gold pieces.

Inventory:

Hand Weapons
 a - a +4 quarterstaff of chaos (weapon)
 d - a +5 dagger
Missiles
 i - 6 boomerangs
 m - 2 atropa-tipped darts
Armour
 b - a +1 cloak of stealth (worn)
Wands
 l - a wand of flame (29)
Scrolls
 f - a scroll of enchant armour
 g - 3 scrolls of teleportation {unknown}
 k - 3 scrolls of immolation {unknown}
 o - a scroll of noise {unknown}
Potions
 h - a potion of magic
 n - a potion of brilliance {unknown}


   Skills:
 - Level 1.7 Fighting
 + Level 0.0 Short Blades
 + Level 0.0 Staves
 + Level 2.1 Dodging
 - Level 2.0 Stealth
 - Level 4.6 Spellcasting
 - Level 1.3 Transmutations
 + Level 1.0 Air Magic
 + Level 5.7 Poison Magic
 + Level 0.0 Evocations


You had 8 spell levels left.
You knew the following spells:

 Your Spells              Type           Power      Damage    Failure   Level
a - Sting                 Tmut/Pois      60%        1d6       3%          1
b - Poisonous Vapours     Pois/Air       30%        N/A       5%          2
c - Olgreb's Toxic Radia  Pois           23%        N/A       14%         4

Your spell library contained the following spells:

 Spells                   Type           Power      Damage    Failure   Level
 Mephitic Cloud           Conj/Pois/Air  11%        N/A       17%         3


Dungeon Overview and Level Annotations

Branches:
Dungeon (5/15)
 Temple: D:4-7

Altars:
Elyvilon
Makhleb
Sif Muna
Uskayaw
Zin

Shops:
D:4 *

Annotations:
D:5 Menkaure


Innate Abilities, Weirdness & Mutations

You can breathe blasts of scalding, opaque steam.
Your pale cyan-grey scales are hard. (AC +6)
You cannot fit into any form of body armour.
You are cold-blooded and may be slowed by cold attacks.
You are immune to the effects of steam.


Message History

The helpless centaur warrior zombie fails to defend itself.
You thump the centaur warrior zombie!
The centaur warrior zombie flickers and vanishes!
Deactivating autopickup; reactivate with Ctrl-A.
Your tail-slap misses something.
Unknown command.
No target in view!
There is a strange disturbance nearby!
No target in view!
No target in view!
You hit something. You burn something. Something hits you.
Something barely misses you.
You barely miss something. Something hits you but does no damage.
Something kicks you but does no damage. Something hits you.
Something kicks you but does no damage.
You barely miss something.
Your tail-slap misses something.
Something hits you. Something kicks you. Something hits you but does no damage.
Something kicks you.
You closely miss something.
Your tail-slap misses something.
Something hits you. Something kicks you but does no damage.
You closely miss something. Something hits you but does no damage.
Something kicks you but does no damage. Something hits you.
Something completely misses you.
You barely miss something.
Your tail-slap misses something.
Something hits you. Something kicks you. Something hits you.
Something kicks you but does no damage.
You sock something!
Nothing appears to happen.
Something hits you but does no damage. Something kicks you but does no damage.
You hit something.
Nothing appears to happen.
Something hits you. Something kicks you but does no damage. Something hits you.
* * * LOW HITPOINT WARNING * * *
Something barely misses you. Something hits you.
* * * LOW HITPOINT WARNING * * *
Something kicks you but does no damage.
It was a potion of cancellation.
You feel magically purged. Something hits you.
* * * LOW HITPOINT WARNING * * *
Something kicks you.
* * * LOW HITPOINT WARNING * * *
Something hits you!
You die...

####+##
#............
#.....#
#.[..........
#.....#
+.........#''
#.....#
#........##..
#...).#
###+#....+#♣.
#.!...#
#....# ♣.
#....<#
#....# ♣.
#.....####
#.... ♣.
#####.@..#
... ♣. #.({.#
♣. #....# ≈.
#....# ≈.
#....# #....#
######


There were no monsters in sight!

Vanquished Creatures
  Eustachio (D:4)
  A jelly (D:4)
  A hound (D:4)
  Crazy Yiuf (D:4)
  A bullfrog skeleton (D:5)
  A centaur skeleton (D:4)
  An iguana (D:5)
  A hound zombie (D:5)
  2 hound skeletons
  7 adders
  A shadow imp (D:5)
  An ufetubus (D:4)
  2 worms (D:4)
  3 dart slugs
  7 orcs
  11 ball pythons
  6 endoplasms
  12 giant cockroaches
  7 hobgoblins
  4 jackals (D:1)
  A quokka (D:2)
  5 bats
  5 goblins
  2 kobolds
  9 rats
93 creatures vanquished.

Notes
Turn   | Place    | Note
-------+----------+-------------------------------------------
     0 | D:1      | hawla the Draconian Venom Mage began the quest for the Orb.
     0 | D:1      | Reached XP level 1. HP: 14/14 MP: 3/3
    94 | D:1      | Reached XP level 2. HP: 20/20 MP: 0/5
   178 | D:1      | Found a faded altar of an unknown god.
   209 | D:1      | Learned a level 2 spell: Poisonous Vapours
  1032 | D:1      | Reached XP level 3. HP: 26/26 MP: 1/6
  1936 | D:2      | Reached skill level 4 in Poison Magic
  2379 | D:2      | Reached XP level 4. HP: 28/33 MP: 2/8
  2401 | D:2      | Learned a level 4 spell: Olgreb's Toxic Radiance
  3375 | D:3      | Found a glowing silver altar of Zin.
  3395 | D:3      | Found a burning altar of Makhleb.
  3397 | D:3      | Found a white marble altar of Elyvilon.
  4333 | D:4      | Found Cuorrux's Lightly-Used Armoury.
  4504 | D:4      | Reached XP level 5. HP: 38/38 MP: 8/10
  4528 | D:4      | Found a shimmering blue altar of Sif Muna.
  4532 | D:4      | Noticed Eustachio
  4799 | D:4      | Killed Eustachio
  4800 | D:4      | Reached skill level 5 in Poison Magic
  4800 | D:4      | Reached XP level 6. HP: 46/46 MP: 2/12
  5123 | D:4      | You fall into a shaft and drop 1 floor!
  5123 | D:5      | Entered Level 5 of the Dungeon
  5518 | D:5      | Noticed Menkaure
  5897 | D:4      | Reached skill level 1 in Fighting
  6237 | D:4      | Found a hide-covered altar of Uskayaw.
  6554 | D:4      | Found a runed translucent door.
  6555 | D:4      | Noticed Crazy Yiuf
  6575 | D:4      | Killed Crazy Yiuf
  6576 | D:4      | Your scales start taking on a pale cyan-grey colour.
  6576 | D:4      | Reached skill level 1 in Air Magic
  6576 | D:4      | Reached XP level 7. HP: 8/53 MP: 10/14
  6576 | D:4      | Gained mutation: You are immune to the effects of steam.
                  | [Pale Draconian growth]
  7047 | D:5      | Slain by a centaur warrior zombie

Illustrated notes

Levels and vault maps discovered:
D:1:      eino_arrival_cavern_b, layout_loops_ring,
          shapermc_ecumenical_altar_pompeii
D:2:      layout_loops_ring, nicolae_elevator_lobby_asterisk
D:3:      minmay_roachtagon, layout_rooms, grunt_temple_overflow_open,
          serial_co_window_serial, co_window_paths_b, co_window_cross_1,
          co_window_paths_a, co_window_corner_a, co_window_corner_a,
          co_window_paths_a, co_window_corner_a, co_window_corner_ca,
          co_window_corner_ca, co_window_2corner, co_window_corner_cb,
          co_window_paths_e, co_window_4corner_a
D:4:      layout_basic, general_overflow_altar,
          mainiacjoe_overflow_concentric_impassable, glass_columns_a,
          kennysheep_nondescript, minmay_shop_damaged, hangedman_decor_lopped,
          uniq_eustachio, uniq_crazy_yiuf_cottage
D:5:      layout_gridville, kennysheep_cross_bottleneck, grunt_ministairs_11,
          uniq_menkaure

Skill      XL: |  1  2  3  4  5  6 |
---------------+-------------------+-----
Poison Magic   | 4 5 |  5.7
Spellcasting   | 3 4 |  4.6
Dodging        | 2 |  2.1
Stealth        | 2 |  2.0
Fighting       | 1 |  1.7
Air Magic      | 1 |  1.0
Transmutations | |  1.3

Action                   |  1- 3 |  4- 6 |  7- 9 || total
-------------------------+-------+-------+-------++-------
Melee: Unarmed           |    53 |    32 |       ||    85
       Tailslap          |     8 |    20 |     2 ||    30
       Dagger            |       |    82 |       ||    82
       Punch             |       |     1 |       ||     1
       Quarterstaff      |       |       |    18 ||    18
 Cast: Sting             |    41 |    27 |       ||    68
       Poisonous Vapours |    30 |    43 |       ||    73
       Olgreb's Toxic Ra |       |     6 |       ||     6
Evoke: Wand              |       |     3 |       ||     3
  Use: Potion            |     1 |    10 |     1 ||    12
       Scroll            |     3 |     5 |       ||     8
 Stab: Sleeping          |       |     1 |     1 ||     2
       Petrified         |       |       |     5 ||     5
       Petrifying        |       |       |     1 ||     1
Armor: Skin              |    40 |    62 |    21 ||   123
Dodge: Dodged            |    56 |   102 |     6 ||   164
